Map: Para Site LE

Players

Elazer - Winner!

  • Race: Zerg Zerg
  • Spawn Location: 5:00

Solar

  • Race: Zerg Zerg
  • League: Platinum
  • Spawn Location: 11:00

Event: HomeStory Cup XVIII

VOD

Have the link to the VOD?

Description

Time

  • Played on: Nov. 24, 2018, 12:55 p.m.
  • Length: 13:21

All games in this series

Show
View Real Time Build Order
Export as new Build Order

Elazer Zerg - Winner!

Build Orders: Hatch First 

Get SALT Encoding   

  12  0:00  Drone  
  13  0:12  Overlord  
  13  0:16  Drone  
  14  0:30  Drone x2  
  16  0:47  Hatchery  
  15  0:50  Drone  
  15  0:53  Drone  
  17  0:57  Drone  
  18  1:07  Extractor  
  17  1:12  Spawning Pool  
  17  1:15  Drone  
  17  1:18  Drone  
  18  1:27  Drone  
  19  1:38  Drone  
  20  1:49  Drone  
  21  1:58  Queen x2  
  21  1:59  Drone, Overlord  
  26  2:08  Metabolic Boost  
  26  2:10  Zergling x2  
  26  2:11  Zergling x2  
  28  2:21  Drone x2  
  30  2:32  Zergling x2  
  30  2:33  Drone  
  32  2:38  Hatchery  
  32  2:42  Baneling Nest  
  30  2:45  Drone  
  31  2:53  Overlord  
  31  2:57  Drone x2  
  33  3:04  Drone  
  33  3:05  Drone  
  35  3:06  Zergling x2  
  35  3:12  Drone  
  37  3:13  Drone x3  
  37  3:16  Drone  
  41  3:22  Overlord  
  41  3:23  Drone  
  41  3:26  Baneling  
  42  3:32  Zergling x2, Baneling  
  42  3:37  Zergling x2  
  42  3:40  Queen  
  42  3:41  Baneling  
  45  3:42  Zergling x8  
  45  3:48  Overlord  
  49  3:55  Drone x5  
  54  3:59  Evolution Chamber  
  54  4:01  Overlord  
  53  4:04  Overlord  
  53  4:09  Zergling x8  
  57  4:13  Overlord  
  57  4:16  Zergling x4  
  57  4:17  Zergling x2  
  60  4:24  Overlord x2  
  60  4:26  Zergling x2  
  57  4:35  Overlord, Zerg Melee Weapons Level 1  
  57  4:38  Zergling x6  
  58  4:41  Overlord  
  58  4:44  Zergling x6  
  61  4:48  Zergling x2  
  62  4:53  Lair  
  62  4:55  Extractor  
  62  4:57  Extractor, Overlord  
  62  4:58  Drone x4  
  63  5:02  Drone x2  
  63  5:07  Overlord  
  63  5:08  Drone  
  62  5:15  Zergling x12  
  62  5:20  Zergling x4  
  64  5:29  Zergling x10  
  65  5:36  Zergling x10  
  65  5:39  Drone  
  69  5:45  Drone x2  
  71  5:50  Extractor  
  71  5:51  Overlord  
  71  5:53  Spire  
  71  5:54  Extractor  
  71  5:55  Drone x4  
  71  5:59  Drone x2  
  71  6:00  Drone  
  69  6:08  Zergling x10  
  73  6:19  Extractor  
  73  6:20  Zergling x8  
  76  6:26  Spine Crawler  
  76  6:27  Zergling x8  
  76  6:29  Spine Crawler, Zergling x2  
  79  6:33  Zergling x2  
  79  6:38  Zergling x8  
  80  6:42  Zergling x4  
  80  6:45  Zergling x4  
  67  7:08  Mutalisk x7  
  67  7:14  Mutalisk  
  81  7:22  Mutalisk  
  81  7:23  Mutalisk  
  81  7:25  Zergling x4  
  74  7:35  Zergling x2  
  74  7:36  Zergling x6  
  67  7:44  Zergling x6  
  62  7:49  Zergling x2  
  62  7:50  Zergling x2  
  60  8:11  Baneling  
  60  8:12  Hatchery  
  59  8:21  Mutalisk x2  
  62  8:32  Mutalisk x2  
  64  8:44  Overlord  
  64  8:59  Mutalisk  
  60  9:19  Drone x2  
  62  9:25  Queen x2  
  66  9:31  Mutalisk  
  66  9:32  Mutalisk  
  66  9:37  Zerg Flyer Weapons Level 1  
  70  9:50  Drone x4  
  74  10:01  Drone x2  
  74  10:07  Drone  
  77  10:11  Drone  
  77  10:14  Hatchery  
  77  10:18  Drone  
  78  10:32  Mutalisk x3  
  82  10:43  Mutalisk  
  84  10:50  Mutalisk  
  84  10:51  Zergling x2  
  84  10:52  Zergling x8  
  86  11:12  Mutalisk x2  
  87  11:21  Drone x8  
  90  11:29  Mutalisk  
  90  11:34  Hatchery  
  90  11:38  Mutalisk  
  90  11:43  Queen  
  90  11:50  Zergling x6  
  93  11:55  Queen  
  95  12:06  Zergling x2  
  96  12:13  Zergling x6  
  99  12:19  Mutalisk  
  98  12:36  Mutalisk x3  
  90  12:45  Mutalisk  
  88  12:52  Zergling x2  
  88  12:53  Zergling x10  
Show
View Real Time Build Order
Export as new Build Order

Solar Zerg 

Build Orders: Hatch First 

Get SALT Encoding   

  12  0:01  Drone  
  13  0:11  Overlord  
  13  0:17  Drone  
  14  0:30  Drone x2  
  16  0:49  Hatchery  
  15  0:51  Drone  
  15  0:55  Drone  
  17  0:59  Drone  
  18  1:09  Extractor  
  17  1:14  Spawning Pool  
  17  1:16  Drone  
  17  1:20  Drone  
  18  1:30  Drone  
  19  1:40  Drone  
  20  1:50  Overlord  
  20  2:00  Queen x2  
  24  2:02  Zergling x4  
  26  2:10  Drone  
  26  2:11  Drone, Metabolic Boost  
  28  2:21  Drone  
  28  2:22  Drone  
  30  2:34  Hatchery  
  30  2:36  Drone  
  30  2:38  Drone  
  30  2:42  Drone  
  32  2:45  Overlord  
  32  2:54  Drone x2  
  34  3:05  Zergling x4  
  36  3:09  Zergling x12  
  42  3:19  Roach Warren  
  40  3:21  Overlord  
  40  3:22  Drone  
  41  3:28  Drone  
  41  3:31  Overlord  
  42  3:39  Overlord  
  42  3:40  Drone x2  
  45  3:48  Drone  
  45  3:49  Queen  
  45  3:50  Overlord  
  45  3:53  Drone  
  46  3:58  Drone x2  
  47  4:04  Roach x3  
  47  4:08  Roach  
  55  4:11  Zergling x2  
  55  4:12  Roach  
  58  4:17  Evolution Chamber, Roach  
  58  4:19  Drone x2  
  58  4:21  Drone  
  58  4:23  Drone  
  63  4:24  Drone  
  63  4:26  Drone  
  63  4:31  Queen  
  63  4:33  Drone  
  63  4:37  Extractor x2  
  62  4:42  Overlord  
  62  4:44  Zerg Missile Weapons Level 1  
  62  4:47  Drone x3  
  62  4:48  Drone  
  62  4:50  Drone  
  62  4:52  Drone  
  68  4:53  Drone  
  68  4:55  Drone  
  68  4:58  Drone  
  68  4:59  Drone  
  72  5:02  Zergling x4  
  72  5:06  Zergling x2  
  72  5:09  Roach x2  
  72  5:12  Roach x2  
  74  5:16  Roach  
  74  5:17  Roach  
  74  5:19  Roach  
  74  5:22  Roach  
  74  5:24  Roach  
  74  5:27  Roach x2  
  79  5:29  Roach  
  79  5:31  Roach  
  79  5:33  Zergling x2  
  80  5:36  Queen  
  80  5:41  Roach x2  
  85  5:46  Roach  
  85  5:49  Overlord x2  
  87  5:51  Roach  
  89  5:57  Ravager  
  89  5:58  Overlord  
  89  6:01  Ravager  
  89  6:02  Roach  
  88  6:04  Overlord  
  88  6:07  Overlord  
  88  6:09  Roach x3  
  94  6:20  Zergling x4  
  94  6:21  Zergling x6  
  94  6:23  Lair  
  94  6:25  Zergling x6  
  101  6:33  Zergling x2  
  101  6:37  Zergling x2  
  101  6:38  Zergling x2  
  98  6:41  Zergling x6  
  98  6:42  Queen  
  98  6:45  Roach x2, Zergling x2  
  98  6:47  Zergling x2  
  101  6:50  Queen  
  101  6:53  Zergling x4  
  103  6:55  Ravager  
  103  6:59  Zergling x6  
  105  7:02  Zergling x4  
  105  7:04  Zergling x2  
  106  7:11  Roach x2  
  106  7:18  Queen  
  106  7:20  Zergling x4  
  103  7:23  Roach x2  
  103  7:25  Roach  
  103  7:28  Zergling x6  
  106  7:32  Zergling x2  
  106  7:33  Zergling x2  
  105  7:40  Queen  
  96  7:44  Zergling x2  
  96  7:45  Zergling x4  
  96  7:48  Zergling x4  
  97  7:51  Queen  
  86  8:04  Spore Crawler x2  
  77  8:06  Queen  
  77  8:13  Roach  
  77  8:14  Nydus Network  
  77  8:16  Roach  
  77  8:18  Roach, Spore Crawler  
  76  8:22  Roach  
  76  8:24  Roach  
  76  8:26  Roach  
  80  8:33  Queen  
  78  8:39  Roach x2  
  82  8:45  Queen  
  83  8:58  Nydus Canal  
  83  8:59  Roach x3  
  89  9:03  Roach x2  
  89  9:05  Roach  
  89  9:07  Roach  
  95  9:16  Drone x3  
  95  9:17  Glial Reconstitution  
  95  9:20  Drone  
  95  9:22  Extractor  
  92  9:26  Drone  
  92  9:27  Drone x2  
  92  9:29  Drone  
  96  9:35  Spore Crawler  
  95  9:40  Queen  
  95  9:43  Overseer  
  98  9:45  Drone  
  98  9:46  Roach  
  98  9:50  Drone  
  98  9:51  Drone x2  
  99  9:53  Drone  
  99  10:00  Infestation Pit  
  99  10:01  Ravager  
  99  10:06  Queen  
  100  10:08  Drone  
  100  10:09  Drone  
  100  10:12  Drone  
  103  10:15  Overlord  
  103  10:20  Overlord  
  103  10:24  Overlord  
  103  10:27  Drone  
  103  10:28  Drone  
  105  10:37  Queen  
  105  10:41  Overlord  
  104  10:44  Roach x2  
  104  10:45  Roach  
  110  10:50  Spore Crawler  
  110  10:52  Roach  
  111  10:57  Queen  
  111  10:59  Roach  
  111  11:02  Roach  
  117  11:06  Infestor  
  113  11:12  Roach x2  
  113  11:17  Roach  
  105  11:22  Spore Crawler  
  100  11:31  Infestor  
  94  11:38  Roach  
  86  11:41  Drone  
  86  11:42  Drone  
  82  11:50  Hive  
  82  11:52  Drone x3  
  79  11:57  Drone x2  
  75  12:03  Roach  
  75  12:06  Spore Crawler  
  75  12:08  Roach, Zergling x2  
  75  12:13  Roach x2  
  81  12:18  Roach  
  81  12:22  Spore Crawler  
  73  12:36  Roach x4  
  73  12:37  Roach x2  
  70  12:41  Roach  
  67  12:46  Roach  
  67  12:50  Roach  
  69  12:56  Roach  
  67  13:00  Roach  
Tags
 
Add a new tag
Caveats
  • Supply blocks, unpowered buildings, or Contaminate may cause inaccurate times.
  • Supply counts are checked every 10 seconds.